 Dungeon Crawl Stone Soup version 0.19.1 (webtiles) character file.

114 Dfrag the Firebug (level 4, -3/30 HPs)
             Began as a Demonspawn Fire Elementalist on Nov 27, 2016.
             Slain by Sigmund
             ... wielding a +0 scythe
              (12 damage)
             ... on level 3 of the Dungeon.
             The game lasted 00:02:36 (1903 turns).

Dfrag the Firebug (Demonspawn Fire Elementalist)    Turns: 1903, Time: 00:02:37

Health: -3/30      AC:  3    Str:  8    XL:     4   Next: 67%
Magic:  0/8        EV: 12    Int: 18    God:
Gold:   90         SH:  0    Dex: 13    Spells: 2 memorised, 4 levels left

rFire  . . .     SeeInvis .     (no weapon)
rCold  . . .     Gourm    .     a - +0 robe
rNeg   . . .     Faith    .     (no shield)
rPois  .         Spirit   +     (no helmet)
rElec  .         Reflect  .     r - +0 cloak
rCorr  .         Harm     .     (no gloves)
MR     .....                    (no boots)
Stlth  +++.......               p - amulet of rage
                                (no ring)
                                k - ring of wizardry

@: confused
A: nightstalker 2, magic shield
a: Evoke Berserk Rage


You were on level 3 of the Dungeon.
You were not hungry.

You visited 1 branch of the dungeon, and saw 3 of its levels.

You collected 90 gold pieces.

Inventory:

Armour
 a - a +0 robe (worn)
 r - a +0 cloak (worn)
Jewellery
 k - a ring of wizardry (left hand)
 p - an amulet of rage (around neck)
Scrolls
 e - a scroll of noise {unknown}
 f - 4 scrolls of remove curse {unknown}
 g - a scroll of fog {unknown}
 h - 4 scrolls of identify {unknown}
 i - a scroll of fear {unknown}
 l - 2 scrolls of random uselessness {unknown}
 m - a scroll of teleportation {unknown}
 n - a scroll of magic mapping {unknown}
Potions
 d - a potion of agility {unknown}
 j - a potion of mutation {unknown}
 q - a potion of cure mutation {unknown}
 s - a potion of resistance {unknown}
Books
 b - a book of Flames

   Spells                             Type                      Level
   a - Flame Tongue                   Conjuration/Fire             1
   b - Throw Flame                    Conjuration/Fire             2
   c - Conjure Flame                  Conjuration/Fire             3
   d - Inner Flame                    Hexes/Fire                   3
   e - Sticky Flame                   Conjuration/Fire             4
   f - Fireball                       Conjuration/Fire             5
Comestibles
 c - 3 bread rations
 o - 2 chunks of flesh


   Skills:
 - Level 1.7 Dodging
 - Level 1.7 Stealth
 + Level 3.0 Spellcasting
 + Level 2.6 Conjurations
 + Level 3.6 Fire Magic


You had 4 spell levels left.
You knew the following spells:

 Your Spells              Type           Power        Failure   Level  Hunger
a - Flame Tongue          Conj/Fire      ##...        2%          1    None
d - Sticky Flame          Conj/Fire      ##......     26%         4    ####...


Dungeon Overview and Level Annotations

Branches:
Dungeon (3/15)

Altars:

Annotations:
D:3 Sigmund


Innate Abilities, Weirdness & Mutations

You are significantly more attuned to the shadows.
When hurt, damage is shared between your health and your magic reserves.


Message History

Sigmund is moderately wounded.
Sigmund burns!
Sigmund stops burning.
Sigmund gestures at you while chanting. The magic dart hits you!
You barely miss Sigmund.
Sigmund is moderately wounded.
Sigmund points at you and mumbles some strange words.
The magic dart hits you!
Sigmund hits you from afar with a scythe!
* * * LOW HITPOINT WARNING * * *
You see here 14 stones.
Sigmund points at you and mumbles some strange words.
You are confused.
You bump into the rock wall.
You bump into the rock wall.
Sigmund mumbles some strange words.
Sigmund flickers and vanishes!
Deactivating autopickup; reactivate with Ctrl-A.
Something hits you!
You die...

#.# ##.#...#
..##.#####..#..##
#................
##.........#...## #.
#.....>......... #.#
#......####....#
#.####.............##
#.##........#....###
#)##@#......#...##
###(..........#...#
###......#..(.<.##.##
#....(#.##......##.#
...#.##..##......##.#
.#
#.#..###########.##
#...## #..# ...##
##.# ....# #.#


There were no monsters in sight!

Vanquished Creatures
  Crazy Yiuf (D:2)
  Natasha (D:2)
  3 adders (D:2)
  A dart slug (D:1)
  A leopard gecko (D:2)
  3 bats
  A giant cockroach (D:2)
  8 goblins
  5 hobgoblins
  A quokka (D:2)
  A ball python (D:1)
  5 frilled lizards
  2 kobolds
  4 rats
37 creatures vanquished.

Notes
Turn   | Place    | Note
-------+----------+-------------------------------------------
     0 | D:1      | Dfrag the Demonspawn Fire Elementalist began the quest for the Orb.
     0 | D:1      | Reached XP level 1. HP: 13/13 MP: 3/3
     3 | D:1      | Noticed an electric eel
     3 | D:1      | Noticed an electric eel
   246 | D:1      | Gained mutation: You are slightly more attuned to the shadows. [demonic ancestry]
   246 | D:1      | Reached XP level 2. HP: 18/19 MP: 3/5
  1142 | D:2      | Noticed Natasha
  1148 | D:2      | Killed Natasha
  1148 | D:2      | Gained mutation: You are significantly more attuned to the shadows. [demonic ancestry]
  1148 | D:2      | Reached XP level 3. HP: 8/24 MP: 0/6
  1435 | D:2      | Gained mutation: When hurt, damage is shared between your health and your magic reserves. [demonic ancestry]
  1435 | D:2      | Reached XP level 4. HP: 24/30 MP: 1/8
  1622 | D:2      | Found a runed door.
  1630 | D:2      | Learned a level 4 spell: Sticky Flame
  1631 | D:2      | Noticed Crazy Yiuf
  1635 | D:2      | Killed Crazy Yiuf
  1872 | D:3      | Noticed Sigmund
  1903 | D:3      | Slain by Sigmund

Skill      XL: |  1  2  3  4 |
---------------+-------------+-----
Fire Magic     | 3 |  3.6
Conjurations   | 2 |  2.6
Spellcasting   | 3 |  3.0
Dodging        | |  1.7
Stealth        | |  1.7

Action                   |  1- 3 |  4- 6 || total
-------------------------+-------+-------++-------
Melee: Unarmed           |     5 |     3 ||     8
 Cast: Flame Tongue      |    44 |    20 ||    64
       Sticky Flame      |       |     2 ||     2
  Eat: Chunk             |     2 |     2 ||     4
Armor: Robe              |     1 |     1 ||     2
Dodge: Dodged            |    10 |     3 ||    13
